 Dungeon Crawl Stone Soup version 0.29-a0-668-g12ee2bf84d (webtiles) character file.

Game seed: 9926198278289641423

845 Newt the Schismatic (level 7, -3/54 (55) HPs)
             Began as a Demonspawn Abyssal Knight on June 23, 2022.
             Was an Elder of Lugonu.
             Slain by an orc warrior
             ... wielding a +0 vorpal trident
              (13 damage)
             ... on level 6 of the Dungeon.
             The game lasted 00:19:01 (5561 turns).

Newt the Schismatic (Demonspawn Abyssal Knight)     Turns: 5561, Time: 00:19:01

HP:   -3/54 (55)    AC:  9    Str: 14    XL:     7   Next: 68%
MP:   11/11         EV:  6    Int: 15    God:    Lugonu [****..]
Gold: 350           SH:  0    Dex: 13    Spells: 6/6 levels left

rFire   . . .      SeeInvis .   F - +6 halberd of the Devouring Gods {vorpal, Will+ Str-2 Int+4}
rCold   . . .      Faith    .   (shield currently unavailable)
rNeg    + . .      Spirit   .   v - +0 chain mail
rPois   .          Reflect  .   (helmet restricted)
rElec   .          Harm     .   (no cloak)
rCorr   .          Rampage  .   (no gloves)
Will    +....                   (no boots)
Stlth   ..........              (no amulet)
HPRegen 0.18/turn               H - ring of positive energy
MPRegen 0.12/turn               (no ring)

@: on berserk cooldown, hasted and slowed, lightly drained
A: antennae 1, hooves 1, foul stench 1, powered by death 1
a: Renounce Religion, Depart the Abyss, Bend Space, Banish, Corrupt


You were on level 6 of the Dungeon.
You worshipped Lugonu.
Lugonu was greatly pleased with you.
You visited 1 branch of the dungeon, and saw 6 of its levels.
You visited the Abyss 1 time.
You also visited: Sewer.

You collected 350 gold pieces.

Inventory:

Hand Weapons
 a - a +1 spear
 q - a +2 dagger of venom
 r - a +0 whip
 E - a +2 mace of holy wrath
 F - the +6 halberd of the Devouring Gods (weapon) {vorpal, Will+ Str-2 Int+4}
   (You found it on level 4 of the Dungeon)

   It inflicts extra damage upon your enemies.
   Str:       It affects your strength (-2).
   Int:       It affects your intelligence (+4).
   Will:      It increases your willpower.
 L - a +3 trident
Missiles
 e - a throwing net
 y - 10 poisoned darts
Armour
 b - a +0 leather armour
 p - a +1 helmet
 v - a +0 chain mail (worn)
 w - the +0 leather armour of Woulunij {+Blink rN++ Dex-5}
   (You found it on level 4 of the Dungeon)

   Dex:       It affects your dexterity (-5).
   rN:        It greatly protects you from negative energy.
   +Blink:    It lets you blink.
Magical Staves
 j - a staff of fire
Jewellery
 n - a ring of fire
 H - a ring of positive energy (left hand)
Scrolls
 c - 5 scrolls of poison
 d - 2 scrolls of vulnerability
 h - 3 scrolls of enchant weapon
 l - 5 scrolls of teleportation
 m - a scroll of torment {unknown}
 o - a scroll of fog
 s - 5 scrolls of identify
 u - a scroll of enchant armour {unknown}
 x - 2 scrolls of magic mapping {unknown}
 G - a scroll of noise {unknown}
 K - a scroll of brand weapon {unknown}
Potions
 f - 4 potions of magic
 g - a potion of berserk rage
 k - a potion of flight
 t - 2 potions of ambrosia {unknown}
 z - 4 potions of haste
 A - a potion of cancellation {unknown}
 B - a potion of mutation {unknown}
 C - a potion of might {unknown}
 D - a potion of experience {unknown}
 J - a potion of attraction {unknown}


   Skills:
 + Level 4.8 Fighting
 - Level 2.3 Short Blades
 + Level 4.4 Polearms
 + Level 4.1 Armour
 - Level 1.0 Dodging
 * Level 5.3 Invocations


You had 6 spell levels left.
You didn't know any spells.
Your spell library contained the following spells:

 Spells                   Type           Power      Damage    Failure   Level
 Scorch                   Fire           0%         2d5       100%        2
 Flame Wave               Conj/Fire      0%         2d4       100%        4
 Summon Cactus Giant      Summ           0%         N/A       100%        6


Dungeon Overview and Level Annotations

Branches:
Dungeon (6/15)             Temple (0/1) D:6           Sewer (visited)

Altars:
Ashenzari
Fedhas
Gozag
Vehumet


Innate Abilities, Weirdness & Mutations

You have a pair of small antennae on your head.
You have large cloven feet.
You may rarely emit foul miasma when damaged in melee.
You regenerate a little health from kills.


Message History

Press: ? - help, Dir - move target, p - orc warrior
As you read the scroll of blinking, it crumbles to dust.
It was a potion of haste.
You feel yourself speed up.
It was a potion of curing.
You feel better.
You feel better.
A red film seems to cover your vision as you go berserk!
You feel yourself moving faster!
You feel mighty!
You feel a strong urge to attack something.
You see here a +0 dagger.
You feel your anger nearly subside.
You are no longer berserk.
You are exhausted.
You feel yourself slow down. The orc warrior barely misses you.
You closely miss the orc warrior.
The orc warrior hits you with a +0 vorpal trident.
You slash the orc warrior!
You kick the orc warrior, but do no damage.
The orc warrior is severely wounded.
The orc warrior barely misses you.
You closely miss the orc warrior.
The orc warrior is severely wounded.
The orc warrior hits you with a +0 vorpal trident.
The orc warrior hits you but does no damage.
You closely miss the orc warrior. Your kick misses the orc warrior.
The orc warrior is severely wounded.
The orc warrior hits you with a +0 vorpal trident.
You hit the orc warrior.
You kick the orc warrior, but do no damage.
The orc warrior is severely wounded.
The orc warrior barely misses you.
You hit the orc warrior. Your kick misses the orc warrior.
The orc warrior is almost dead.
The orc warrior hits you with a +0 vorpal trident.
* * * LOW HITPOINT WARNING * * *
x2 The orc warrior hits you with a +0 vorpal trident.
* * * LOW HITPOINT WARNING * * *
x2 You hit the orc warrior but do no damage.
Your kick misses the orc warrior.
The orc warrior is almost dead.
The orc warrior hits you with a +0 vorpal trident!
You die...

###.## #......#.# #.#
########.# #.##### #.#
### #.<...# ######.# ..#
#..##.# #....# ...#
#..##.# #....# ...#
#.###.# #....# ...
#.###.###....#####.#####
#..........)@o..........
##########'#.###.#.#####
#.#.# #)# # #.#.##.o#
#.#.##..# ..#......
######.## #. #.


You could see an orc warrior.

Vanquished Creatures
  A centaur (D:5)
  2 kobold brigands (Sewer)
  Blork the orc (D:6)
  A necrophage (D:4)
  2 scorpions
  3 hounds (D:5)
  A gnoll shaman (D:5)
  8 adders
  4 gnolls
  2 river rats (D:4)
  A white imp (D:6)
  An ufetubus (D:6)
  2 worms (D:2)
  2 dart slugs (D:3)
  6 orcs
  7 endoplasms
  9 giant cockroaches
  6 goblins
  7 hobgoblins
  4 jackals (D:1)
  18 kobolds
  4 quokkas
  5 ball pythons
  9 bats
  6 frilled lizards
  11 rats
123 creatures vanquished.

Notes
Turn   | Place    | Note
-------+----------+-------------------------------------------
     0 | Abyss:1  | Newt the Demonspawn Abyssal Knight began the quest for the
                  | Orb.
     0 | Abyss:1  | Reached XP level 1. HP: 18/18 MP: 2/2
    83 | Abyss:1  | Noticed an apocalypse crab
    84 | D:1      | Escaped the Abyss
   284 | D:1      | Discovered your monstrous ancestry.
   284 | D:1      | Gained mutation: You have large cloven feet. [demonic
                  | ancestry]
   284 | D:1      | Reached XP level 2. HP: 24/24 MP: 3/3
   343 | D:1      | Reached ** piety under Lugonu
   475 | D:1      | Found a faded altar of an unknown god.
   580 | D:2      | Reached XP level 3. HP: 27/29 MP: 3/5
  1618 | D:3      | Found an opulent altar of Gozag.
  1716 | D:3      | Reached skill level 1 in Dodging
  1741 | D:3      | Gained mutation: You have a pair of small antennae on your
                  | head. [demonic ancestry]
  1741 | D:3      | Reached XP level 4. HP: 28/37 MP: 6/6
  1969 | D:3      | Reached skill level 3 in Invocations
  2322 | D:3      | Found a radiant altar of Vehumet.
  2483 | D:3      | Found a large runed translucent door.
  2483 | D:3      | Found a large runed translucent door.
  2524 | D:3      | Found a blossoming altar of Fedhas.
  2619 | D:3      | Found a broken altar of Ashenzari.
  2900 | D:3      | Reached *** piety under Lugonu
  3129 | D:4      | Noticed a necrophage
  3151 | D:4      | Killed a necrophage
  3152 | D:4      | Reached skill level 1 in Short Blades
  3152 | D:4      | Gained mutation: You regenerate a little health from kills.
                  | [demonic ancestry]
  3152 | D:4      | Reached XP level 5. HP: 35/42 MP: 7/7
  3203 | D:4      | Identified the +0 leather armour of Woulunij {+Blink rN++
                  | Dex-5}
  3207 | D:4      | Found a glowing drain.
  3241 | Sewer    | Entered a sewer
  3404 | Sewer    | Reached skill level 4 in Invocations
  3404 | Sewer    | Reached XP level 6. HP: 27/48 MP: 7/9
  3858 | D:4      | Identified the +6 halberd of the Devouring Gods {vorpal,
                  | Will+ Str-2 Int+4}
  4001 | D:5      | Entered Level 5 of the Dungeon
  4091 | D:5      | Gained mutation: You may rarely emit foul miasma when
                  | damaged in melee. [demonic ancestry]
  4091 | D:5      | Reached XP level 7. HP: 55/55 MP: 10/10
  4093 | D:5      | Reached **** piety under Lugonu
  4613 | D:5      | Reached skill level 5 in Invocations
  5180 | D:6      | Noticed Blork the orc
  5191 | D:6      | Killed Blork the orc
  5374 | D:6      | Found a staircase to the Ecumenical Temple.
  5561 | D:6      | Slain by an orc warrior

Illustrated notes

Levels and vault maps discovered:
D:1:      eino_arrival_tree_alley, layout_basic,
          hellmonk_ecumenical_altar_zigzags
D:2:      layout_basic
D:3:      minmay_thinvault, layout_basic, mainiacjoe_overflow_large_starburst,
          jmf_multi_god_temple2, minmay_statues_item
D:4:      nicolae_BIG_FREAKIN_CUBE, layout_rooms, portal_sewer_entry_c
D:5:      layout_basic, minmay_misc_feat_enclosed, roderic_nine_men_s_morris
D:6:      layout_basic, minmay_temple_entry_sparse_star, kennysheep_cross_room,
          uniq_blork_the_orc

Skill      XL: |  1  2  3  4  5  6  7 |
---------------+----------------------+-----
Armour         | 2 3 4 |  4.1
Polearms       | 2 3 4 |  4.4
Dodging        | 1 |  1.0
Invocations    | 3 4 5 |  5.3
Fighting       | 4 |  4.8
Short Blades   | 1 2 |  2.3

Action                   |  1- 3 |  4- 6 |  7- 9 || total
-------------------------+-------+-------+-------++-------
Melee: Spear             |   128 |    44 |       ||   172
       Kick              |    17 |    58 |     4 ||    79
       Punch             |     1 |     2 |       ||     3
       Dagger            |       |   172 |       ||   172
       Halberd           |       |    15 |    56 ||    71
Throw: Throwing net      |       |       |     1 ||     1
Invok: Depart the Abyss  |     1 |       |       ||     1
  Use: Scroll            |     1 |     4 |     5 ||    10
       Potion            |       |     1 |     4 ||     5
Armor: Leather armour    |    29 |    22 |       ||    51
       Chain mail        |       |    92 |    31 ||   123
Dodge: Dodged            |    50 |    98 |    15 ||   163

Table legend: (Time is in decaauts)
 A = Elapsed time spent in this place.
 B = Non-inter-level travel time spent in this place.
 C = Inter-level travel time spent in this place.
 D = Time resting spent in this place.
 E = Time spent auto-exploring this place.
 F = Levels seen in this place.
 G = Mean time per level.
                   A        B        C        D        E       F      G
               +--------+--------+--------+--------+--------+-----+--------+
         Total |   5584 |   5363 |    221 |   1877 |   1433 |   8 |  698.0 |
       Dungeon |   4958 |   4737 |    221 |   1605 |   1283 |   6 |  826.3 |
         Abyss |     84 |     84 |      0 |      0 |     82 |   1 |   84.0 |
         Sewer |    541 |    541 |      0 |    272 |     68 |   1 |  541.0 |
               +--------+--------+--------+--------+--------+-----+--------+

Top non-repeatable levels by time:
     D:3: 1458 daAuts
     D:5: 1148 daAuts
     D:2: 1029 daAuts
   Sewer: 541 daAuts
     D:1: 479 daAuts
     D:6: 426 daAuts
     D:4: 416 daAuts
 Abyss:1: 84 daAuts
